[Event "*** Titled Tuesday Blitz AM"]
[Site "Chess.com"]
[Date "2020.01.07"]
[Round "4"]
[White "LiamVrolijk"]
[Black "Chesswizard_2007"]
[Result "1-0"]
[WhiteElo "2807"]
[BlackElo "2503"]
[TimeControl "180+2"]
[EndTime "9:50:47 PST"]
[Termination "LiamVrolijk won by resignation"]

1. d4 Nf6 2. c4 g6 3. Nc3 Bg7 4. e4 O-O 5. Be2 d6 6. Be3 Nc6 7. Nf3 Ng4 8. Bg5 h6 9. Bh4 g5 10. Bg3 e5 11. d5 Ne7 12. Nd2 Nf6 13. h4 Ng6 14. hxg5 hxg5 15. Nf1 Nf4 16. Ne3 c6 17. Qc2 a6 18. Rd1 Qa5 19. dxc6 bxc6 20. Rxd6 Be6 21.
O-O Rab8 22. Rxc6 Rxb2 23. Qxb2 Qxc3 24. Qxc3 Nxe2+ 25. Kh2 Nxc3 26. f3 Nxa2 27. Rxa6 Nb4 28. Rd6 Nh5 29. Rb1 Nxg3 30. Kxg3 Na2 31. Rd3 Ra8 32. Nd5 Bxd5 33. cxd5 Bf8 34. d6 Rd8 35. Ra3 Bxd6 36. Rxa2 Be7 37. Kg4 Kg7 38. Rb7 Bf6 39. Raa7 Rf8 40. Kf5 1-0

[Event "*** Titled Tuesday Blitz AM"]
[Site "Chess.com"]
[Date "2020.01.07"]
[Round "4"]
[White "KaydenTroffChess"]
[Black "WelshTiger"]
[Result "1-0"]
[WhiteElo "2713"]
[BlackElo "2380"]
[TimeControl "180+2"]
[EndTime "9:50:49 PST"]
[Termination "KaydenTroffChess won by resignation"]

1. d4 Nf6 2. Nf3 g6 3. Bg5 Bg7 4.
Nbd2 O-O 5. e3 d6 6. Bd3 c5 7. c3 Nc6 8. O-O Bg4 9. h3 Bxf3 10.
Nxf3 Qb6 11. Rb1 Rac8 12. Qe2 Rfe8 13. Rfd1 e5 14. dxe5 dxe5 15. Bxf6 Bxf6 16. Be4 Rcd8 17. Nd2 Bg7 18. Nc4 Qc7 19. Qf3 Rxd1+ 20. Rxd1 Rd8 21. Bxc6 Rxd1+ 22. Qxd1 bxc6 23. Qd6 Qxd6 24. Nxd6 Bf8 25. Nc4 f5 26. Na5 Kf7 27. Nxc6 Ke6 28. Nxa7 Kd5 29. Kf1 c4 30. b4 cxb3 31. axb3 Kc5 32. c4 Kb4 33. Nc6+ Kxb3 34. Nxe5 Bg7 35. f4 Kb4 36. Ke2 Kc5 37. Kd3 g5 38. g4 fxg4 39. hxg4 gxf4 40.
exf4 Kd6 41. Kd4 Ke6 42. f5+ Kf6 43. c5 Kg5 44. Ke4 Bxe5 45. Kxe5 Kxg4 46. f6 1-0

[Event "*** Titled Tuesday Blitz AM"]
[Site "Chess.com"]
[Date "2020.01.07"]
[Round "4"]
[White "attack2mateU"]
[Black "Triumphmate"]
[Result "0-1"]
[WhiteElo "2721"]
[BlackElo "2583"]
[TimeControl "180+2"]
[EndTime "9:50:57 PST"]
[Termination "Triumphmate won by resignation"]

1. e4 d5 2. exd5 Nf6 3. d4 Bg4 4. f3 Bf5 5. Bd3 Bxd3 6. Qxd3 Qxd5 7. c4 Qh5 8. Bf4 Nc6 9. Bxc7 Qh4+ 10. Bg3 Qxd4 11.
Qxd4 Nxd4 12. Na3 e6 13. O-O-O Nf5 14. Nb5 Nxg3 15. hxg3 Rc8 16. b3 a6 17. Nd6+ Bxd6 18. Rxd6 Nd5 19. Rh5 Ke7 20. Rhxd5 exd5 21. Rxd5 b5 22.
Ne2 Rhd8 23. Rxd8 Kxd8 24. Kc2 bxc4 25. b4 Kc7 26. Kc3 Kb6 27. a4 a5 28. b5 Kc5 29.
Nd4 Rd8 30. Nc6 Rd3+ 31. Kc2 Ra3 32. Nxa5 Rxa4 33. Nb7+ Kxb5 0-1

[Event "*** Titled Tuesday Blitz AM"]
[Site "Chess.com"]
[Date "2020.01.07"]
[Round "4"]
[White "Generalas"]
[Black "Evgeny81"]
[Result "1/2-1/2"]
[WhiteElo "2233"]
[BlackElo "2522"]
[TimeControl "180+2"]
[EndTime "9:50:58 PST"]
[Termination "Game drawn by repetition"]

1. e4 e5 2. Nf3 Nc6 3. Bb5 a6 4. Ba4 Nf6 5. O-O Be7 6. Re1 b5 7. Bb3 d6 8. c3 O-O 9. h3 Na5 10. Bc2 c5 11. d4 Qc7 12. Nbd2 Be6 13. d5 Bd7 14. Nf1 c4 15. g4 g6 16. Ng3 Rfb8 17.
Kh2 Ne8 18. Rg1 Ng7 19. Bh6 f6 20. Qd2 Bf8 21. g5 fxg5 22. Bxg5 Nb7 23. Nh4 Nd8 24.
f4 exf4 25. Qxf4 Nf7 26. Bf6 Ne5 27. Raf1 Rb7 28. Bxe5 Bxh3 29. Kxh3 dxe5 30. Qf6 Rb6 31. Qg5 Be7 32. Qh6 g5 33. Ngf5 Rxh6 34. Nxh6+ Kh8 35. Nf7+ Kg8 36. Nh6+ Kh8 37. Nf7+ Kg8 38. Nh6+ 1/2-1/2

[Event "*** Titled Tuesday Blitz AM"]
[Site "Chess.com"]
[Date "2020.01.07"]
[Round "4"]
[White "bluejay1897"]
[Black "MixMasterChess"]
[Result "1-0"]
[WhiteElo "2366"]
[BlackElo "2125"]
[TimeControl "180+2"]
[EndTime "9:50:59 PST"]
[Termination "bluejay1897 won by resignation"]

1. Nf3 d5 2. g3 c6 3. Bg2 Bg4 4. O-O Nd7 5. d4 e6 6. Bf4 Ne7 7. c4 Ng6 8. Be3 Bd6 9. Nc3 O-O 10. Rc1 Re8 11. h4 Ngf8 12. Qd2 dxc4 13. Ne4 Be7 14. Rxc4 Nb6 15. Rcc1 Nd5 16. Ne5 Nxe3 17. Qxe3 Bf5 18. Nc5 Bxc5 19. Rxc5 Nd7 20. Nxd7 Qxd7 21. Rd1 Rad8 22.
Bf3 h6 23. g4 Bh7 24. g5 hxg5 25. Rxg5 Qe7 26. Kh1 Qf6 27. h5 Bf5 28. Rdg1 g6 29. hxg6 fxg6 30. Be4 Rxd4 31. Bxf5 Rh4+ 32. Bh3 Kf7 33.
R1g3 Reh8 34. Kg2 Qxb2 35. Qxe6+ 1-0

[Event "*** Titled Tuesday Blitz AM"]
[Site "Chess.com"]
[Date "2020.01.07"]
[Round "4"]
[White "Pultis"]
[Black "Duhless"]
[Result "0-1"]
[WhiteElo "2857"]
[BlackElo "3103"]
[TimeControl "180+2"]
[EndTime "9:51:00 PST"]
[Termination "Duhless won by resignation"]

1. d4 Nf6 2. c4 e6 3. Nf3 d5 4.
Nc3 Bb4 5. Qa4+ Nc6 6. e3 O-O 7. Qc2 Bd6 8. Be2 dxc4 9. Bxc4 e5 10. dxe5 Nxe5 11. Nxe5 Bxe5 12. h3 Re8 13. O-O Be6 14. Rd1 Qc8 15. Bxe6 Qxe6 16. b3 Rad8 17. Bb2 Qc6 18. Rac1 h6 19. Rd3 Ne4 20. Rcd1 Rd6 21.
Rxd6 cxd6 22. Rc1 Nxc3 23. Qd3 Rc8 24. f4 Bf6 25. Kh1 b5 26. a3 a5 27. e4 b4 28.
axb4 axb4 29. Re1 Re8 0-1

[Event "*** Titled Tuesday Blitz AM"]
[Site "Chess.com"]
[Date "2020.01.07"]
[Round "4"]
[White "Rainbow2014"]
[Black "Tayson_7"]
[Result "0-1"]
[WhiteElo "2254"]
[BlackElo "2558"]
[TimeControl "180+2"]
[EndTime "9:51:00 PST"]
[Termination "Tayson_7 won by resignation"]

1. e4 e5 2. Nf3 Nc6 3. Bc4 Bc5 4. c3 Qf6 5. b4 Bb6 6. a4 a6 7. d3 h6 8. Nbd2 d6 9. Nf1 Nge7 10. Be3 Ba7 11.
Bxa7 Rxa7 12. b5 Na5 13. Ba2 axb5 14. axb5 b6 15. Ne3 O-O 16. O-O Ng6 17. Nd5 Qd8 18. h3 Kh7 19. Qe2 f5 20. exf5 Bxf5 21. Ne3 Nf4 22.
Qd1 Bxd3 23. Bb1 Bxb1 24. Qxb1+ Kh8 25. Qe4 Qa8 26. Qc2 Nxg2 27. Nd2 Nf4 28. f3 Nxh3+ 29. Kh2 Nf4 30. Rg1 Qe8 31. Rg3 Qh5+ 32. Kg1 Ne2+ 33. Kf2 Nxg3 34. Kxg3 Qg5+ 35. Kf2 Nc4 36. Rxa7 Qxe3+ 37. Kg2 Nxd2 38. Rxc7 0-1

[Event "*** Titled Tuesday Blitz AM"]
[Site "Chess.com"]
[Date "2020.01.07"]
[Round "4"]
[White "mortngabriel"]
[Black "Gr3egor"]
[Result "0-1"]
[WhiteElo "2386"]
[BlackElo "2754"]
[TimeControl "180+2"]
[EndTime "9:51:04 PST"]
[Termination "Gr3egor won by resignation"]

1. d4 Nf6 2. Nc3 d5 3. Bf4 Nbd7 4. e3 a6 5. Nf3 e6 6. Bd3 Be7 7. O-O O-O 8. e4 Nxe4 9. Nxe4 dxe4 10. Bxe4 c5 11. c3 cxd4 12. Qxd4 Nc5 13. Qxd8 Rxd8 14. Bc2 b5 15. Rad1 Bb7 16. Nd4 Bd5 17. a3 g6 18. Rfe1 Na4 19. Bxa4 bxa4 20. c4 Bb7 21.
Be5 Rac8 22. Rc1 f6 23. Nxe6 fxe5 24. Nxd8 Rxd8 25. Rxe5 Bf6 26. Ra5 Bxb2 27. Rb1 Be4 28. Re1 Bc3 29. Rxe4 Bxa5 30. g4 Rd3 31. c5 Rxa3 32.
c6 Ra1+ 33. Kg2 a3 34. Ra4 Bc7 35. Rxa6 a2 36. Ra8+ Kf7 37. Ra7 Ke6 38. Rxc7 Rc1 39. Ra7 a1=Q 40. c7 Qxa7 41. c8=Q+ Rxc8 0-1

[Event "*** Titled Tuesday Blitz AM"]
[Site "Chess.com"]
[Date "2020.01.07"]
[Round "4"]
[White "NewBornNow"]
[Black "Gahan-MG"]
[Result "0-1"]
[WhiteElo "2684"]
[BlackElo "2493"]
[TimeControl "180+2"]
[EndTime "9:51:06 PST"]
[Termination "Gahan-MG won by resignation"]

1. e4 Nf6 2. e5 Nd5 3. d4 d6 4. Nf3 dxe5 5. Nxe5 c6 6. Bc4 g6 7. O-O Bg7 8. Re1 O-O 9. Bb3 Nd7 10. Nf3 a5 11. a4 N7f6 12. h3 Re8 13. Nbd2 Qc7 14. Nc4 b5 15. Nce5 bxa4 16. Rxa4 Nd7 17. Bd2 Nxe5 18. Nxe5 Be6 19. Qa1 c5 20. Bxa5 Qc8 21. Rc4 Qa6 22. Rxc5 Nf4 23. Qd1 Bxb3 24. cxb3 Ne6 25.
Rd5 Qb7 26. Qf3 Ng5 27. Qf4 Qxd5 28. Bc3 h6 29. h4 Nh7 30. b4 Nf6 31. Nd3 Qf5 32.
Qxf5 gxf5 33. Nc5 Nd5 34. g3 e6 0-1

[Event "*** Titled Tuesday Blitz AM"]
[Site "Chess.com"]
[Date "2020.01.07"]
[Round "4"]
[White "Peroncio"]
[Black "crescentmoon2411"]
[Result "0-1"]
[WhiteElo "2748"]
[BlackElo "3040"]
[TimeControl "180+2"]
[EndTime "9:51:14 PST"]
[Termination "crescentmoon2411 won by resignation"]

1. g3 d5 2. Bg2 c6 3. Nf3 g6 4. O-O Bg7 5. d3 Nf6 6. c3 O-O 7. Qa4 Nbd7 8. Rd1 e5 9. e4 dxe4 10. dxe4 Qc7 11. Nbd2 Nc5 12. Qc2 Rd8 13. b4 Ncxe4 14.
Nxe4 Rxd1+ 15. Qxd1 Nxe4 16. Qe1 Nd6 17. Nxe5 Qe7 18.
Bf4 g5 19. Nxc6 Qxe1+ 20. Rxe1 gxf4 21. Ne7+ Kf8 22. Nd5 fxg3 23. hxg3 Be6 24. Nc7 Rd8 25. Nxe6+ fxe6 26. c4 Nxc4 27. Bxb7 Ke7 28. Ba6 Nb6 29. Bb5 Rd2 30. a4 Bd4 31. Re2 Rxe2 32. Bxe2 Nxa4 33.
Kg2 Nc3 34. Bd3 h6 35. f4 Nd5 36. b5 Kd6 37. Kf3 Kc5 38. g4 Nc7 39. Ke4 Bf6 40. f5 exf5+ 41. Kxf5 Bg5 0-1

[Event "*** Titled Tuesday Blitz AM"]
[Site "Chess.com"]
[Date "2020.01.07"]
[Round "4"]
[White "hazy13"]
[Black "INLOVEWITHF"]
[Result "0-1"]
[WhiteElo "2225"]
[BlackElo "2461"]
[TimeControl "180+2"]
[EndTime "9:51:14 PST"]
[Termination "INLOVEWITHF won by resignation"]

1. d4 Nf6 2. c4 e6 3. g3 c5 4. d5 exd5 5. cxd5 d6 6. Bg2 g6 7.
Nf3 Bg7 8. O-O O-O 9. Nc3 Re8 10.
Nd2 a6 11. a4 Nbd7 12. Nc4 Ne5 13. Nxe5 Rxe5 14. Bf4 Re8 15. Re1 Nh5 16. Bc1 f5 17. Bf3 Nf6 18. e4 fxe4 19. Nxe4 Nxe4 20. Rxe4 Bf5 21.
Re6 Bxe6 22. dxe6 Kh8 23. Bxb7 Rb8 24. Bxa6 Rxe6 25. Bc4 Re4 26. Qc2 Re1+ 27. Kg2 d5 28. Bb5 c4 29. Bg5 Qa5 30. Bd2 Re2 31. Bxa5 Rxc2 32.
Rb1 Rxb2 33. Rxb2 Bxb2 34. Bc7 Rc8 35. Bd6 c3 36. Be5+ Kg8 37. a5 Ba3 38. Bd7 c2 39.
Bf4 c1=Q 40. Bxc1 Rxc1 41. a6 Bc5 0-1

[Event "*** Titled Tuesday Blitz AM"]
[Site "Chess.com"]
[Date "2020.01.07"]
[Round "4"]
[White "enzovsky"]
[Black "adriangschnitzer"]
[Result "0-1"]
[WhiteElo "2215"]
[BlackElo "2549"]
[TimeControl "180+2"]
[EndTime "9:51:21 PST"]
[Termination "adriangschnitzer won by resignation"]

1. e4 c6 2. d4 d5 3. e5 Bf5 4. h4 h5 5. Bd3 Bxd3 6. Qxd3 e6 7. Bg5 Be7 8. Nf3 Nh6 9. Bxh6 Rxh6 10. g3 c5 11. c4 dxc4 12. Qxc4 cxd4 13. Qb5+ Nd7 14. Nxd4 Bc5 15. Nf3 a6 16. Qe2 Qb6 17. Nc3 Rc8 18. O-O Rg6 19. Kg2 Qb4 20. a3 Qg4 21. Rac1 Be7 22. Ne4 Rxc1 23. Rxc1 Nxe5 24. Rc8+ Bd8 25. Nd6+ Ke7 26. Qxe5 Rf6 27. Nd4 Bb6 28. N4f5+ Kd7 29. Ne4 Rxf5 30. Nc5+ Kxc8 0-1

[Event "*** Titled Tuesday Blitz AM"]
[Site "Chess.com"]
[Date "2020.01.07"]
[Round "4"]
[White "TST2014"]
[Black "EugeneRougon"]
[Result "0-1"]
[WhiteElo "2541"]
[BlackElo "2727"]
[TimeControl "180+2"]
[EndTime "9:51:28 PST"]
[Termination "EugeneRougon won by checkmate"]

1. d4 d6 2. Nf3 g6 3. c4 Bg7 4. Nc3 Bg4 5. Qb3 Bxf3 6. exf3 Nc6 7.
Be3 Nxd4 8. Bxd4 Bxd4 9. Qxb7 Bxc3+ 10. bxc3 Nf6 11. Qc6+ Kf8 12. Bd3 Kg7 13. O-O Qd7 14.
Qa6 Rhb8 15. Rab1 Rb6 16. Qa3 Qc6 17. Rb5 a6 18. Ra5 Rab8 19. c5 dxc5 20. Rxc5 Qd6 21. Be4 Nxe4 22. fxe4 Rb1 23. g3 Rxf1+ 24. Kxf1 Rb5 25.
Rxb5 Qxa3 26. Re5 e6 27. c4 Qxa2 28. Rc5 Qb1+ 29. Kg2 Qxe4+ 30. Kg1 Qb7 31. Ra5 Qb6 32. Ra4 c5 33. h4 Qb3 34. Rxa6 Qxc4 35. Rc6 Qd5 36.
Rc8 c4 37. Rc7 Qd4 38. Kf1 c3 39. Ke2 Qd2+ 40. Kf3 c2 41. Kg2 c1=Q 42. Rxc1 Qxc1 43. h5 gxh5 44. Kh3 Qf1+ 45. Kh4 Kg6 46. f4 Qh1# 0-1

[Event "*** Titled Tuesday Blitz AM"]
[Site "Chess.com"]
[Date "2020.01.07"]
[Round "4"]
[White "Snegokhod"]
[Black "TigrVShlyape"]
[Result "1/2-1/2"]
[WhiteElo "2588"]
[BlackElo "2812"]
[TimeControl "180+2"]
[EndTime "9:51:29 PST"]
[Termination "Game drawn by agreement"]

1. e4 g6 2. d4 Bg7 3. Nc3 d6 4. Be3 a6 5. h3 b5 6. Bd3 Nd7 7. Nf3 Bb7 8. O-O Ngf6 9. a3 O-O 10. e5 Bxf3 11. Qxf3 dxe5 12. Rad1 Qc8 13. Rfe1 c5 14.
dxc5 Nxc5 15. Bg5 h6 16. Bxf6 exf6 17. Nd5 Qd8 18. g4 Ra7 19. Bf1 f5 20. gxf5 Qg5+ 21.
Qg4 gxf5 22. Qxg5 hxg5 23. Ne3 f4 24. Nf5 Re8 25. Bg2 Rc7 26. Rd6 Bf8 27. Rb6 Na4 28.
Rxa6 Nxb2 29. Bd5 Kh7 30. Be4 Kh8 31. Bd5 Na4 32. Rf6 Bg7 33. Rxf7 Rxf7 34. Bxf7 Rf8 35.
Bg6 Nc3 36. Nd6 Bf6 37. Bd3 Rb8 38. Ne4 Nxe4 39. Rxe4 Kg7 40. Rb4 Be7 41. Rxb5 Rxb5 42. Bxb5 Bxa3 43. f3 Kf6 44. Kg2 Ke6 45. Bd3 Kd5 46.
Be4+ Kd4 47. Bh7 Kc3 48. Bd3 1/2-1/2

[Event "*** Titled Tuesday Blitz AM"]
[Site "Chess.com"]
[Date "2020.01.07"]
[Round "4"]
[White "SantoBlue"]
[Black "JSMastropiero"]
[Result "1-0"]
[WhiteElo "2755"]
[BlackElo "2395"]
[TimeControl "180+2"]
[EndTime "9:51:29 PST"]
[Termination "SantoBlue won by resignation"]

1. e4 c5 2. Nc3 e6 3. Nf3 a6 4. d4 cxd4 5. Nxd4 Qc7 6. g3 Nf6 7. Bg2 d6 8. O-O Be7 9. Nb3 Nc6 10. f4 h5 11. h3 b5 12. Be3 Bb7 13. a3 h4 14. g4 Nd7 15. Qe2 g5 16. fxg5 Nde5 17.
Rad1 O-O-O 18. Nd4 Rdg8 19. Nxc6 Bxc6 20. a4 Qb7 21.
axb5 axb5 22. Ra1 Bxg5 23. Ra7 Bxe3+ 24. Qxe3 Qb8 25. Rfa1 Rd8 26. R1a6 Rd7 27. Rxd7 Kxd7 28. Ra7+ Kc8 29. Bf1 Rd8 30. Na4 Nd7 31. Ra6 Qb7 32.
Nb6+ Nxb6 33. Rxb6 Qa8 34. Bxb5 Bxe4 35. Qc3+ 1-0

[Event "*** Titled Tuesday Blitz AM"]
[Site "Chess.com"]
[Date "2020.01.07"]
[Round "4"]
[White "Onegust"]
[Black "Eliwood44"]
[Result "1-0"]
[WhiteElo "2554"]
[BlackElo "2335"]
[TimeControl "180+2"]
[EndTime "9:51:31 PST"]
[Termination "Onegust won by resignation"]

1. e4 e5 2. Nf3 Nc6 3. Bb5 a6 4. Ba4 d6 5. O-O Bd7 6. c3 g6 7. d4 Bg7 8. h3 Nf6 9. Nbd2 O-O 10. Bc2 Re8 11. Re1 b5 12. Nf1 Na5 13. Ng3 c5 14. b3 cxd4 15. cxd4 Nc6 16. Bb2 Rc8 17. Rc1 Nb4 18. Bb1 Rxc1 19. Qxc1 exd4 20. Bxd4 Qc8 21. Qb2 Qd8 22. a3 Nc6 23. Bc3 a5 24. b4 axb4 25. axb4 Bc8 26. Rd1 Qe7 27. Ba2 Be6 28.
Bd5 Ne5 29. Nxe5 dxe5 30. Qb3 Nxd5 31. exd5 Bd7 32. d6 Qd8 33. Ne4 Be6 34. Qb2 Bc4 35. Nc5 f6 36. d7 Re7 37. Qa3 Bf8 38. Qa5 1-0

[Event "*** Titled Tuesday Blitz AM"]
[Site "Chess.com"]
[Date "2020.01.07"]
[Round "4"]
[White "OneTrickPony_82"]
[Black "Iyael"]
[Result "1-0"]
[WhiteElo "2443"]
[BlackElo "2076"]
[TimeControl "180+2"]
[EndTime "9:51:32 PST"]
[Termination "OneTrickPony_82 won by resignation"]

1. d4 Nf6 2. c4 g6 3. Nc3 Bg7 4. e4 d6 5. Nf3 O-O 6. Be2 e5 7. O-O Nc6 8. d5 Ne7 9. b4 Nh5 10. Re1 f5 11. a4 Nf6 12. a5 fxe4 13. Ng5 c6 14. Ngxe4 Nxe4 15. Nxe4 cxd5 16. cxd5 Bf5 17. Bf3 Rc8 18. Be3 Qd7 19. Bxa7 Rc4 20. Qb3 Rfc8 21. Rad1 h6 22. h3 g5 23. Re2 Ng6 24. Bg4 Bxg4 25. hxg4 Nf4 26. Re3 Rc2 27. Rg3 Ne2+ 28. Kh2 Nxg3 29.
Kxg3 Qf7 30. Be3 Bf8 31. f3 h5 32. Nxg5 Qg6 33. Qd3 Qxd3 34. Rxd3 hxg4 35. fxg4 R8c4 36. b5 R2c3 37. Rxc3 Rxc3 38. Kf2 Ra3 39. Bb6 Be7 40. Ne4 Ra2+ 41. Kf3 Rb2 42. g5 Rxb5 43. Kg4 Rxd5 44.
Kf5 Kf8 45. g4 Rd3 46. Nf6 Rf3+ 47. Ke6 Re3 48. Bxe3 1-0

[Event "*** Titled Tuesday Blitz AM"]
[Site "Chess.com"]
[Date "2020.01.07"]
[Round "4"]
[White "levallem"]
[Black "pedroholly22"]
[Result "1-0"]
[WhiteElo "2194"]
[BlackElo "2371"]
[TimeControl "180+2"]
[EndTime "9:51:32 PST"]
[Termination "levallem won by checkmate"]

1. d4 Nf6 2. c4 c5 3. dxc5 e6 4. Nf3 Bxc5 5. e3 O-O 6. Nc3 b6 7. Be2 Bb7 8. O-O Nc6 9. a3 Rc8 10. b4 Be7 11. Bb2 a5 12. b5 Nb8 13. Qb3 Bxf3 14.
Bxf3 d6 15. Rfd1 Nbd7 16. Na4 Nc5 17. Nxc5 Rxc5 18. Bd4 Rg5 19. Rd2 e5 20. Bb2 Qc8 21. g3 h5 22. Rad1 h4 23. Bg2 Nd7 24. a4 Nc5 25. Qc2 Qg4 26. Ba3 hxg3 27. hxg3 g6 28. Bxc5 dxc5 29. Rd7 Bf6 30. Qe4 Qe6 31. R7d6 Qe7 32.
Rxb6 Kg7 33. Rdd6 Rd8 34. Rxf6 Rd1+ 35. Kh2 Rh5+ 36. Bh3 Qd7 37. Rxg6+ Kf8 38. Rg4 Qd2 39. Rb8+ Ke7 40. Rb7+ Kf8 41. Rb8+ Ke7 42. Rb7+ Kf8 43. Qf3 f5 44. Rb8+ Kf7 45. Qb7+ Kf6 46. Qg7+ Ke6 47. Rb6+ Qd6 48. Rg6# 1-0

[Event "*** Titled Tuesday Blitz AM"]
[Site "Chess.com"]
[Date "2020.01.07"]
[Round "4"]
[White "BIG_Pirate"]
[Black "mikhaillushenkov"]
[Result "0-1"]
[WhiteElo "2414"]
[BlackElo "2650"]
[TimeControl "180+2"]
[EndTime "9:51:33 PST"]
[Termination "mikhaillushenkov won by resignation"]

1. Nf3 d5 2. c4 d4 3. g3 Nc6 4.
Bg2 e5 5. O-O Nf6 6. d3 a5 7.
Na3 h6 8. Nb5 Bc5 9. b3 O-O 10. Ba3 Bxa3 11. Nxa3 Re8 12. Nd2 Bf5 13. Nc2 e4 14. dxe4 Nxe4 15. Nxe4 Bxe4 16. Ne1 Qe7 17.
Nf3 Rad8 18. Re1 Qf6 19. Qd2 d3 20. Qf4 Qxf4 21. gxf4 Bxf3 22. Bxf3 Nd4 23. Rab1 dxe2 24. Kg2 Rd6 25. Bxb7 Rg6+ 26. Kh1 Nc2 27. Bd5 Nxe1 28. Rxe1 Rf6 29. Kg2 Rxf4 30. f3 Rd4 31. Kf2 Rd2 32.
a3 c5 33. Be4 Rb2 34. Rxe2 Rxe2+ 0-1

[Event "*** Titled Tuesday Blitz AM"]
[Site "Chess.com"]
[Date "2020.01.07"]
[Round "4"]
[White "Kirill_Kopenkin"]
[Black "allvim"]
[Result "0-1"]
[WhiteElo "2475"]
[BlackElo "2326"]
[TimeControl "180+2"]
[EndTime "9:51:33 PST"]
[Termination "allvim won by resignation"]

1. e4 c5 2. Nf3 d6 3. d4 cxd4 4. Nxd4 Nf6 5. Nc3 a6 6. f3 e5 7.
Nb3 h5 8. Be3 Be6 9. Nd5 Bxd5 10. exd5 Nbd7 11. Qd2 g6 12. Na5 Qc7 13. c4 Bg7 14. Rc1 e4 15. Be2 exf3 16. gxf3 O-O 17. O-O Rfe8 18. b4 Rxe3 19. Qxe3 Re8 20. Qf2 Bh6 21. f4 Re4 22. Bf3 Rxf4 23. Kh1 Ne5 24. Qe2 Nxf3 25. Rxf3 Rxf3 26. Qxf3 Bxc1 27. Qxf6 Qb6 28. c5 Qxb4 29. cxd6 Qe4+ 30. Kg1 Be3+ 31. Kf1 Qd3+ 32. Kg2 Qe2+ 33. Kh1 Qe1+ 34. Kg2 Qe2+ 35. Kh1 Qg4 0-1

[Event "*** Titled Tuesday Blitz AM"]
[Site "Chess.com"]
[Date "2020.01.07"]
[Round "4"]
[White "Colombiano07"]
[Black "Er_is_geen_hoop_meer"]
[Result "0-1"]
[WhiteElo "2161"]
[BlackElo "2378"]
[TimeControl "180+2"]
[EndTime "9:51:34 PST"]
[Termination "Er_is_geen_hoop_meer won by checkmate"]

1. Nf3 d6 2. d4 g6 3. b3 Bg7 4. Bb2 Nf6 5. g3 O-O 6. Bg2 e5 7. dxe5 Ng4 8. O-O Nc6 9. Nbd2 Ngxe5 10. Nxe5 Nxe5 11. Qc1 h5 12. Nf3 Qe7 13. c4 a5 14.
Nxe5 dxe5 15. Ba3 c5 16. Qe3 Re8 17. Qxc5 Qxc5 18. Bxc5 e4 19. Rad1 a4 20. b4 a3 21.
Bd4 Bf8 22. Bc3 Ra4 23. Rb1 Be6 24. Bxe4 Bxc4 25. Bxb7 Rxe2 26. Bc6 Ra6 27. b5 Rb6 28. Bd4 Rb8 29. b6 Bxa2 30. Ra1 Bc4 31. b7 Ba6 32. Bf3 Rxb7 33. Bxe2 Bxe2 34. Rfe1 Bb5 35. Rec1 Rd7 36. Bc5 Bg7 37. Rxa3 Bb2 38. Ra8+ Kg7 39. Rb1 Bc6 40. Ra7 Rd5 41. Rxb2 Rd1# 0-1

[Event "*** Titled Tuesday Blitz AM"]
[Site "Chess.com"]
[Date "2020.01.07"]
[Round "4"]
[White "miroslavsavic"]
[Black "vova-79"]
[Result "0-1"]
[WhiteElo "2082"]
[BlackElo "2616"]
[TimeControl "180+2"]
[EndTime "9:51:43 PST"]
[Termination "vova-79 won on time"]

1. Nf3 d5 2. d4 Nf6 3. c4 c6 4. e3 e6 5. Nc3 Nbd7 6. b3 Bb4 7.
Bd2 Bd6 8. Be2 O-O 9. O-O dxc4 10.
Bxc4 e5 11. dxe5 Nxe5 12. Nxe5 Bxe5 13. f4 Bc7 14. Bc1 Qe7 15. Kh1 Bg4 16. Qc2 Rfe8 17. a4 Rad8 18. Re1 Nh5 19. Qf2 Ba5 20. Bb2 Be6 21. Red1 Bxc4 22. bxc4 Qxe3 23. Rxd8 Bxd8 24. Qxe3 Rxe3 25. g4 Nxf4 26. Rf1 Nd3 27. Nd1 Re4 28. Nf2 Nxf2+ 29. Rxf2 Rxc4 30. Rd2 Ba5 31. Rd7 h6 32. Rxb7 Bb6 0-1

[Event "*** Titled Tuesday Blitz AM"]
[Site "Chess.com"]
[Date "2020.01.07"]
[Round "4"]
[White "TregubovP"]
[Black "Keranke"]
[Result "1-0"]
[WhiteElo "2592"]
[BlackElo "2735"]
[TimeControl "180+2"]
[EndTime "9:51:44 PST"]
[Termination "TregubovP won by checkmate"]

1. e4 g6 2. d4 Bg7 3. Nf3 d6 4. c4 Nf6 5. Nc3 O-O 6. Be2 Bg4 7.
h3 Bxf3 8. Bxf3 Nc6 9. d5 Na5 10.
Be2 Nd7 11. Bd2 c5 12. O-O e6 13. b3 exd5 14. exd5 Re8 15. Rc1 a6 16. Bf4 Ne5 17. Qd2 Rb8 18. Rfe1 f5 19. Bf1 b6 20. Ne2 b5 21.
Bg5 Qb6 22. Ng3 bxc4 23. bxc4 Qb4 24. Qxb4 cxb4 25. c5 dxc5 26. Bxa6 Bf8 27. Ne2 Rb6 28. f4 Rxa6 29. fxe5 Rxe5 30. Nf4 Rxe1+ 31. Rxe1 c4 32.
Re8 Kf7 33. Rc8 Bd6 34. Ne6 h6 35. Bxh6 b3 36. axb3 cxb3 37. Bc1 Be5 38. Ba3 Nb7 39. Rf8# 1-0

[Event "*** Titled Tuesday Blitz AM"]
[Site "Chess.com"]
[Date "2020.01.07"]
[Round "4"]
[White "GMKrikor"]
[Black "Supernotar"]
[Result "1/2-1/2"]
[WhiteElo "2871"]
[BlackElo "2595"]
[TimeControl "180+2"]
[EndTime "9:51:45 PST"]
[Termination "Game drawn by repetition"]

1. d4 d5 2. Bf4 Nf6 3. e3 e6 4.
Nf3 Bd6 5. Bd3 c5 6. dxc5 Bxc5 7. O-O O-O 8. c4 a6 9. cxd5 Nxd5 10. Bg3 Be7 11. a3 b5 12. Qc2 g6 13. Rd1 Qb6 14.
h4 Nf6 15. Bc7 Qa7 16. Nbd2 Bb7 17. Be5 Nc6 18. Bxf6 Bxf6 19. h5 Bg7 20. hxg6 hxg6 21. Ne4 Rac8 22. Qc5 Qa8 23. Qg5 Nd4 24. Nf6+ Bxf6 25.
Qxf6 Nxf3+ 26. gxf3 Bxf3 27. Bxg6 fxg6 28. Qxg6+ Kh8 29.
Rd4 Rc4 30. Qh6+ Kg8 31. Qg6+ Kh8 32. Qh6+ Kg8 33. Qg6+ Kh8 1/2-1/2

[Event "*** Titled Tuesday Blitz AM"]
[Site "Chess.com"]
[Date "2020.01.07"]
[Round "4"]
[White "peteseeger"]
[Black "Martins-BR"]
[Result "0-1"]
[WhiteElo "2160"]
[BlackElo "2363"]
[TimeControl "180+2"]
[EndTime "9:51:49 PST"]
[Termination "Martins-BR won by resignation"]

1. e4 c5 2. Nf3 e6 3. b4 cxb4 4. a3 bxa3 5. d4 d5 6. e5 Nc6 7. c3 Nh6 8. Bxh6 gxh6 9. Bd3 a6 10. Nxa3 Bd7 11. O-O b5 12. Nc2 Bg7 13. Nfe1 O-O 14. f4 f5 15. exf6 Qxf6 16. Ne3 b4 17. Nf3 bxc3 18.
Ne5 Nxe5 19. fxe5 Qg5 20. Nc2 a5 21. Rxf8+ Bxf8 22. Qe1 Rc8 23. Rxa5 Qd2 24. Qg3+ Kh8 25. h3 Be7 26. Ra7 Rg8 27. Qf3 Qc1+ 28. Kh2 Bg5 29. Rxd7 Bf4+ 30. g3 Bxg3+ 31. Qxg3 Qd2+ 32. Kh1 Rxg3 0-1

[Event "*** Titled Tuesday Blitz AM"]
[Site "Chess.com"]
[Date "2020.01.07"]
[Round "4"]
[White "boasovietica"]
[Black "Blagorod"]
[Result "1-0"]
[WhiteElo "2442"]
[BlackElo "2117"]
[TimeControl "180+2"]
[EndTime "9:51:50 PST"]
[Termination "boasovietica won by resignation"]

1. Nf3 d5 2. e3 Nf6 3. c4 g6 4. cxd5 Nxd5 5. Qb3 Nb6 6. h4 Bg7 7. h5 Be6 8. Qc2 Nc6 9. d4 Qd7 10. Nc3 O-O-O 11. a3 Bf5 12. Qb3 e5 13. e4 exd4 14. Nd5 Bxe4 15. Nxb6+ axb6 16. Bf4 Bxf3 17. gxf3 Rhe8+ 18. Kd1 d3 19. h6 Bf6 20. Bh3 d2 21. Bxd7+ Rxd7 22. Rg1 Na5 23. Qb5 Rde7 24. Bxd2 Rd7 25. Kc2 Red8 26. Rad1 Nc6 27. Bc3 Bxc3 28. bxc3 1-0

[Event "*** Titled Tuesday Blitz AM"]
[Site "Chess.com"]
[Date "2020.01.07"]
[Round "4"]
[White "Gogolev_Artemy"]
[Black "Komissarov_alex"]
[Result "1-0"]
[WhiteElo "2412"]
[BlackElo "1743"]
[TimeControl "180+2"]
[EndTime "9:51:53 PST"]
[Termination "Gogolev_Artemy won on time"]

1. Nf3 Nf6 2. g3 g6 3. b3 Bg7 4.
Bb2 O-O 5. d4 b6 6. Bg2 Bb7 7. O-O d6 8. c4 Nbd7 9. d5 e6 10. dxe6 fxe6 11. Nc3 Qe7 12. Qd2 Ne4 13. Nxe4 Bxe4 14. Bxg7 Qxg7 15. Qe3 Nf6 16. Ng5 Bxg2 17. Kxg2 Rae8 18. h3 h6 19. Nf3 Kh7 20. Rad1 Qd7 21.
h4 Qc6 22. Kg1 Ng4 23. Qd3 e5 24. h5 e4 25. hxg6+ Kg8 26. Qd4 exf3 27. g7 Rf7 28.
Rfe1 fxe2 29. Rd2 Ne5 30. Rdxe2 Nf3+ 31. Kf1 Nh2+ 32. Kg1 Nf3+ 33. Kf1 1-0